 Dungeon Crawl Stone Soup version 0.30-a0-930-gb9d0489357 (webtiles) character file.

Game seed: 6430011386348874657

44485 octoduck the Nimble (level 13, -4/59 HPs)
             Began as a Spriggan Enchanter on Mar 23, 2023.
             Was a High Priest of Hepliaklqana.
             Killed by divine providence
             ... invoked by an orc priest
              (11 damage)
             ... on level 2 of the Orcish Mines.
             The game lasted 01:29:59 (25410 turns).

octoduck the Nimble (Spriggan Enchanter)           Turns: 25410, Time: 01:30:00

Health: -4/59      AC: 16    Str:  4    XL:     13   Next: 96%
Magic:  13/18      EV: 27    Int: 14    God:    Hepliaklqana [*****.]
Gold:   1528       SH:  6    Dex: 21    Spells: 1/17 levels left

rFire   . . .      SeeInvis +    H - +2 dagger (speed)
rCold   x . .      Faith    .    P - +0 buckler
rNeg    . . .      Spirit   .    M - +0 steam dragon scales
rPois   .          Reflect  .    (helmet restricted)
rElec   .          Rampage  .    S - +2 cloak
rCorr   .                        (gloves unavailable)
Will    ++...                    (boots unavailable)
Stlth   +++++                    g - amulet of the acrobat
HPRegen 0.29/turn                J - +4 ring of protection
MPRegen 0.16/turn                G - +4 ring of protection

@: very quick
A: reduced essence, very small, no large weapons, unfitting armour, see
invisible, speed 3, dopey 1, cold vulnerability 1
a: Renounce Religion, Recall Ancestor, Ancestor Identity, Transference, Idealise


You were on level 2 of the Orcish Mines.
You worshipped Hepliaklqana.
Hepliaklqana was extremely pleased with you.
You visited 4 branches of the dungeon, and saw 19 of its levels.
You also visited: Sewer and Ossuary.

You collected 1576 gold pieces.
You spent 48 gold pieces at shops.

Inventory:

Hand Weapons
 u - the +8 falchion of Extremism {heavy, Will+}
   (You found it on level 5 of the Lair of Beasts)

   Will:      It increases your willpower.
 H - a +2 dagger of speed (weapon)
Missiles
 y - a curare-tipped dart
 D - 29 poisoned darts (quivered)
 O - 4 throwing nets
Armour
 M - +0 steam dragon scales (worn)
 P - a +0 buckler (worn)
 S - a +2 cloak (worn)
 W - a +2 robe of willpower
Jewellery
 g - an amulet of the acrobat (around neck)
 j - a ring of positive energy
 p - a ring of flight
 G - a +4 ring of protection (right hand)
 J - a +4 ring of protection (left hand)
 N - a ring of resist corrosion
Wands
 b - a wand of light (3)
 v - a wand of mindburst (23)
 x - a wand of paralysis (20)
 L - a wand of digging (5)
 Q - a wand of polymorph (8)
 X - a wand of flame (28)
Scrolls
 a - a scroll of acquirement {unknown}
 f - 2 scrolls of fog
 h - 5 scrolls of teleportation
 i - 2 scrolls of enchant weapon
 k - 2 scrolls of silence
 l - a scroll of amnesia
 o - a scroll of blinking
 q - a scroll of brand weapon
 r - 3 scrolls of fear
 s - a scroll of magic mapping
 B - 2 scrolls of butterflies
 E - 2 scrolls of vulnerability
 K - 2 scrolls of immolation
 R - a scroll of enchant armour {unknown}
Potions
 c - 4 potions of invisibility
 d - 7 potions of brilliance
 e - 8 potions of heal wounds
 m - 3 potions of might
 n - 13 potions of curing
 t - 2 potions of attraction
 z - 2 potions of cancellation {unknown}
 A - 6 potions of haste
 C - a potion of magic {unknown}
 F - 3 potions of berserk rage
 I - a potion of ambrosia {unknown}
 U - 4 potions of flight
 V - a potion of resistance {unknown}


   Skills:
 + Level 6.6 Fighting
 - Level 10.0(12.0) Short Blades
 - Level 8.3(9.7) Long Blades
 - Level 12.7 Dodging
 - Level 11.8 Stealth
 - Level 4.5 Shields
 - Level 2.6 Spellcasting
 - Level 10.3 Hexes
 - Level 8.0 Transmutations
 * Level 3.3 Earth Magic
 - Level 6.0 Poison Magic
 - Level 5.3 Invocations
 - Level 3.0 Evocations


You had one spell level left.
You knew the following spells:

 Your Spells              Type           Power      Damage    Failure   Level
a - Ensorcelled Hibernat  Hex/Ice        32%        N/A       8%          2
b - Confusing Touch       Hex            30%        N/A       1%          3
c - Tukima's Dance        Hex            30%        N/A       1%          3
d - Fulminant Prism       Conj/Hex       8%         3d6       45%         4
e - Petrify               Tmut/Erth      17%        N/A       38%         4

Your spell library contained the following spells:

 Spells                   Type           Power      Damage    Failure   Level
 Apportation              Tloc           2%         N/A       38%         1
 Magic Dart               Conj           4%         1d3       38%         1
 Necrotise                Necr           4%         1d4       38%         1
 Summon Small Mammal      Summ           4%         N/A       38%         1
 Spider Form              Tmut/Pois      21%        N/A       7%          3
 Dazzling Flash           Conj/Hex       32%        N/A       16%         3
 Portal Projectile        Hex/Tloc       32%        N/A       16%         3
 Summon Guardian Golem    Hex/Summ       16%        N/A       16%         3
 Ignite Poison            Fire/Tmut/Pois 15%        N/A       19%         3
 Leda's Liquefaction      Hex/Erth       10%        N/A       26%         4
 Anguish                  Hex/Necr       8%         N/A       45%         4
 Mephitic Cloud           Conj/Pois/Air  7%         N/A       50%         3
 Call Imp                 Summ           1%         N/A       54%         2
 Searing Ray              Conj           2%         2d4       54%         2
 Alistair's Intoxication  Tmut/Pois      14%        N/A       54%         5
 Ice Form                 Ice/Tmut       13%        N/A       63%         4
 Call Canine Familiar     Summ           1%         N/A       77%         3
 Frozen Ramparts          Ice            2%         1d1       77%         3
 Kindle Blastsparks       Fire/Tloc/Air  2%         2d10      77%         3
 Vampiric Draining        Necr           1%         2d6       77%         3
 Metabolic Englaciation   Hex/Ice        8%         N/A       80%         5
 Summon Ice Beast         Ice/Summ       1%         N/A       99%         4
 Agony                    Necr           1%         N/A       100%        5
 Freezing Cloud           Conj/Ice/Air   0%         6-21      100%        5
 Statue Form              Tmut/Erth      11%        N/A       100%        6


Dungeon Overview and Level Annotations

Branches:
Dungeon (11/15)            Temple (1/1) D:5            Lair (5/5) D:8
 Shoals (0/4) Lair:2       Spider (0/4) Lair:3        Slime (0/5) Lair:5
    Orc (2/2) D:11            Elf (0/3) Orc:2         Sewer (visited)
Ossuary (visited)

Altars:
Ashenzari
Cheibriados
Dithmenos
Elyvilon
Fedhas
Hepliaklqana
Kikubaaqudgha
Makhleb
Nemelex Xobeh
Okawaru
Qazlal
Ru
Sif Muna
Trog
Uskayaw
Vehumet
Wu Jian
Xom
Yredelemnul
Zin
The Shining One
Jiyva

Shops:
D:10 *

Annotations:
Lair:3 Gastronok
Lair:5 exclusion: 3 oklob plants


Innate Abilities, Weirdness & Mutations

Your life essence is reduced to manifest your ancestor. (-10% HP)
You are very small and have problems with some larger weapons.
You are too small for most types of armour.
You have supernaturally acute eyesight. (SInv)
You cover ground extremely quickly. (Speed+++)
You are dopey. (Int -2)
You are vulnerable to cold. (rC-)


Message History

The orc dies!
You barely miss the orc high priest. You block the orange demon's attack.
Teicuih barely misses the troll.
You closely miss the orc high priest. The warg completely misses you.
The orc priest completely misses you.
The orc priest invokes the aid of Beogh against you.
Beogh smites you! You block the orc high priest's attack.
The deep elf zephyrmancer casts a spell.
The deep elf zephyrmancer blinks!
You hit the orc high priest but do no damage.
Teicuih hits the troll with a +0 dagger of draining!
The ice devil hits you but does no damage.
The orange demon closely misses you.
You completely miss the orc high priest.
The warg completely misses you.
Teicuih closely misses the troll.
You block the orc priest's attack.
The orc high priest completely misses you.
You hit the orc high priest but do no damage.
The orc high priest appears confused.
Teicuih hits the troll with a +0 dagger of draining!
You hit the orc high priest but do no damage.
The warg barely misses you. The orange demon completely misses you.
The ice devil hits you. The ice devil freezes you!!
You feel a terrible chill!
* * * LOW HITPOINT WARNING * * *
The troll bites Teicuih but does no damage.
The troll claws Teicuih.
The troll claws Teicuih!
Teicuih hits the troll but does no damage.
Teicuih drains the troll.
The orc priest completely misses you.
The orc high priest laughs crazily.
The orc high priest barely misses you.
The orc high priest hits itself but does no damage.
The warg completely misses you.
Teicuih hits the troll with a +0 dagger of draining!
Teicuih drains the troll.
You block the orange demon's attack. The ice devil misses you.
The troll misses Teicuih.
The troll claws Teicuih but does no damage.
The troll closely misses Teicuih.
Teicuih completely misses the troll.
The orc priest calls down the wrath of Beogh upon you.
Beogh smites you!
You die...

*#.....................#######
*.............).e......###
##..............).....##.##
#.............o.)...##....##
*#.#..........[.)..........###
##........................R..
#...#.........o..............
#..........h)4...........#..,
##.........R@o4..........##.#
##...#.....T......##..........
#................####...#..#.#
#....##...........##...##...##
##..###...........###.##*#.##
#............##.## ###**,..*
#.........#...### *,,.##
#.........##.## **,*#
*#...#....##...# **,**


You could see the friendly Teicuih the hexer, an orc high priest (confused), an
orange demon (summoned), an ice devil (summoned), a deep elf zephyrmancer, a
troll (confused, very drained, ally target), a warg and 2 orc priests.

Vanquished Creatures
  3 hydras (Lair:5)
  A boulder beetle (Lair:3)
  An orc high priest (Orc:2)
  6 death yaks
  A skyshark (Lair:5)
  A deep elf pyromancer (Orc:2)
  An oklob plant (Lair:4)
  A wolf spider (Lair:2)
  2 deep elf zephyrmancers (Orc:2)
  A manticore (Lair:2)
  5 black mambas
  11 cane toads
  An elephant (Lair:5)
  A torpor snail (Lair:5)
  A gargoyle (D:11)
  A rime drake (D:8)
  3 komodo dragons
  2 trolls
  5 hornets
  5 polar bears
  A wind drake (Lair:2)
  2 dream sheep (Lair:5)
  Prince Ribbit (D:7)
  14 blink frogs
  Sigmund (D:2)
  A shadow (D:9)
  4 wyverns
  26 yaks
  A vampire (D:9)
  9 spriggans
  3 steam dragons
  3 vampire mosquitoes (D:11)
  2 basilisks (Lair:2)
  A warg (Orc:1)
  2 acid dragons
  6 water moccasins
  2 orc warriors (D:11)
  2 ice beasts (D:6)
  3 boggarts (Lair:5)
  4 black bears
  2 centaurs (D:9)
  2 ogres
  15 wolves
  A phantom (D:6)
  3 kobold brigands
  A gnoll sergeant (D:7)
  2 elf zombies (Ossuary)
  4 bullfrogs
  9 scorpions
  14 wights
  14 killer bees
  2 howler monkeys
  An electric eel (Lair:1)
  2 centaur zombies (Ossuary)
  3 jellies
  A hound (D:4)
  A human zombie (Ossuary)
  2 gnoll boudas (D:8)
  6 orc priests
  A sleepcap (D:5)
  3 iguanas
  An iron imp (D:9)
  Jessica (D:2)
  Ijyb (D:4)
  4 orc wizards
  6 hell rats
  2 mummies (Ossuary)
  13 gnolls
  17 adders
  7 river rats
  A shadow imp (D:5)
  An ufetubus (D:4)
  2 worms
  A dart slug (D:4)
  12 orcs
  11 endoplasms
  6 giant cockroaches
  5 goblins
  7 hobgoblins
  8 jackals
  15 kobolds
  10 quokkas
  8 ball pythons
  6 bats
  4 frilled lizards
  2 goblin zombies (Ossuary)
  17 hobgoblin zombies (Ossuary)
  A jackal zombie (Ossuary)
  6 kobold zombies (Ossuary)
  3 orc zombies (Ossuary)
  21 rats
  2 rat zombies (Ossuary)
  A butterfly (Lair:3)
432 creatures vanquished.

Vanquished Creatures (collateral kills)
  A death yak (Lair:3)
  2 elephants (Lair:5)
  A komodo dragon (Lair:4)
  A troll (D:11)
  A hornet (Lair:5)
  4 blink frogs (Lair:3)
  A dream sheep (Lair:5)
  A wyvern (Lair:4)
  4 spriggans (Lair:5)
  10 yaks
  A water moccasin (Lair:4)
  2 ice beasts
  10 wolves
  2 gnoll sergeants (D:10)
  3 bullfrogs
  A scorpion (Lair:3)
  11 wights
  7 killer bees
  An orc priest (D:8)
  3 orc wizards
  2 hell rats (Lair:4)
  7 gnolls
  An adder (Lair:2)
  11 orcs
  An endoplasm (Lair:5)
  A kobold (D:7)
  A rat (D:8)
91 creatures vanquished.

Vanquished Creatures (others)
  4 dancing weapons
  11 hexers
  2 ancestors
  An orc (D:8)
  38 fungi
  54 plants
110 creatures vanquished.

Grand Total: 633 creatures vanquished

Notes
Turn   | Place    | Note
-------+----------+-------------------------------------------
     0 | D:1      | octoduck the Spriggan Enchanter began the quest for the
                  | Orb.
     0 | D:1      | Reached XP level 1. HP: 9/9 MP: 5/5
   171 | D:1      | Found a faded altar of an unknown god.
   211 | D:1      | Reached XP level 2. HP: 8/13 MP: 6/6
   236 | D:1      | Learned a level 2 spell: Ensorcelled Hibernation
   354 | D:1      | Reached skill level 5 in Stealth
  1019 | D:2      | Noticed Sigmund
  1367 | D:2      | Reached XP level 3. HP: 16/16 MP: 2/8
  2145 | D:2      | Learned a level 3 spell: Confusing Touch
  2233 | D:2      | Noticed Jessica
  3381 | D:3      | Found a broken altar of Ashenzari.
  3779 | D:3      | Reached XP level 4. HP: 21/21 MP: 9/9
  3803 | D:3      | Reached skill level 5 in Hexes
  3965 | D:3      | Found a sacrificial altar of Ru.
  3967 | D:3      | Found a shimmering altar of Xom.
  4055 | D:3      | Learned a level 3 spell: Tukima's Dance
  4146 | D:4      | Found the +1 Delatra's gloves {ID++}
  4313 | D:4      | Noticed a steam dragon
  4363 | D:4      | Reached XP level 5. HP: 22/24 MP: 10/10
  4453 | D:4      | Noticed Ijyb
  4487 | D:4      | Paralysed by Ijyb for 4 turns
  4509 | D:4      | Paralysed by Ijyb for 2 turns
  4519 | D:4      | Killed Ijyb
  4603 | D:4      | Found a glowing drain.
  4641 | D:4      | HP: 1/24 [adder (2)]
  4667 | Sewer    | Entered a sewer
  4832 | Sewer    | Reached XP level 6. HP: 12/28 MP: 4/11
  5266 | D:4      | Found a bloodstained altar of Trog.
  5608 | D:5      | Entered Level 5 of the Dungeon
  5608 | D:5      | Found a staircase to the Ecumenical Temple.
  5614 | Temple   | Entered the Ecumenical Temple
  5641 | Temple   | Became a worshipper of Hepliaklqana the Forgotten
  5863 | D:5      | Reached XP level 7. HP: 25/32 MP: 10/12
  5899 | D:5      | Found a stormy altar of Qazlal.
  5996 | D:5      | Found a sand-covered staircase.
  6005 | Ossuary  | Entered an ossuary
  6362 | Ossuary  | Reached skill level 10 in Stealth
  6693 | D:5      | Reached * piety under Hepliaklqana
  6783 | D:5      | Reached XP level 8. HP: 32/32 MP: 10/13
  7256 | D:2      | Killed Jessica
  7305 | D:2      | Killed Sigmund
  7320 | D:2      | Upgraded the game from 0.30-a0-924-g0ad0bf95bc to
                  | 0.30-a0-930-gb9d0489357
  7563 | D:6      | Reached skill level 3 in Dodging
  7692 | D:6      | Found a hide-covered altar of Uskayaw.
  8007 | D:6      | Reached skill level 4 in Dodging
  8202 | D:6      | Reached skill level 5 in Dodging
  8283 | D:6      | Found a glowing golden altar of the Shining One.
  8651 | D:7      | Reached skill level 6 in Dodging
  8655 | D:7      | Reached XP level 9. HP: 35/35 MP: 7/14
  8867 | D:7      | Reached skill level 5 in Short Blades
  8958 | D:7      | Reached skill level 7 in Dodging
  9212 | D:7      | Noticed Prince Ribbit
  9219 | D:7      | Killed Prince Ribbit
  9261 | D:7      | Found a sparkling altar of Nemelex Xobeh.
  9269 | D:7      | Reached ** piety under Hepliaklqana
  9274 | D:7      | Remembered your ancestor Teicuih as a hexer
  9307 | D:7      | Reached skill level 8 in Dodging
  9876 | D:7      | Reached skill level 9 in Dodging
  9925 | D:8      | Noticed a rime drake
  9948 | D:8      | Killed a rime drake
  9984 | D:8      | Found a staircase to the Lair.
 10108 | D:8      | Reached skill level 10 in Dodging
 10108 | D:8      | Reached XP level 10. HP: 34/39 MP: 4/15
 10699 | D:8      | Found a white marble altar of Elyvilon.
 10879 | D:8      | Reached skill level 1 in Shields
 12438 | D:9      | Found a snail-covered altar of Cheibriados.
 12870 | D:9      | Reached skill level 10 in Short Blades
 13151 | D:9      | Reached *** piety under Hepliaklqana
 13381 | D:10     | Entered Level 10 of the Dungeon
 13381 | D:10     | Found Tibb's Assorted Antiques.
 13391 | D:10     | Bought a scroll of identify for 48 gold pieces
 13437 | D:10     | Reached skill level 1 in Invocations
 13439 | D:10     | Reached skill level 1 in Long Blades
 13638 | D:10     | Reached XP level 11. HP: 42/42 MP: 9/16
 13995 | D:10     | Found an ancient bone altar of Kikubaaqudgha.
 14506 | D:10     | Reached skill level 10 in Hexes
 14840 | Lair:1   | Entered Level 1 of the Lair of Beasts
 15852 | Lair:1   | Learned a level 4 spell: Fulminant Prism
 15939 | Lair:2   | Reached **** piety under Hepliaklqana
 15943 | Lair:2   | Found a staircase to the Shoals.
 16383 | Lair:2   | Noticed a wolf spider
 16448 | Lair:2   | Killed a wolf spider
 16531 | Lair:2   | Reached skill level 5 in Invocations
 17086 | Lair:3   | Found a hole to the Spider Nest.
 17093 | Lair:3   | Noticed a boulder beetle
 17110 | Lair:3   | Killed a boulder beetle
 17111 | Lair:3   | Reached skill level 5 in Long Blades
 17488 | Lair:3   | Reached XP level 12. HP: 40/45 MP: 8/17
 17671 | Lair:3   | Noticed Gastronok
 18053 | Lair:3   | Noticed a death yak
 18068 | Lair:3   | Noticed a death yak
 18079 | Lair:3   | Noticed a death yak
 18080 | Lair:3   | Noticed a death yak
 18082 | Lair:3   | Killed a death yak
 18084 | Lair:3   | Noticed a death yak
 18095 | Lair:3   | Noticed a death yak
 18186 | Lair:3   | You fall into a shaft and drop 2 floors!
 18186 | Lair:5   | Entered Level 5 of the Lair of Beasts
 18192 | Lair:4   | Noticed a seven-headed hydra
 18373 | Lair:3   | Reached skill level 1 in Fighting
 18640 | Lair:3   | Killed a death yak
 18657 | Lair:2   | Killed a death yak
 18749 | Lair:2   | Killed a death yak
 18750 | Lair:2   | Reached skill level 11 in Dodging
 18917 | Lair:2   | Killed a death yak
 19123 | Lair:3   | Killed a death yak
 19397 | Lair:3   | Reached skill level 12 in Dodging
 19688 | Lair:4   | Reached skill level 1 in Evocations
 19889 | Lair:4   | Reached ***** piety under Hepliaklqana
 19936 | Lair:4   | Noticed a death yak
 19949 | Lair:4   | Killed a death yak
 20339 | Lair:5   | Reached skill level 5 in Fighting
 20339 | Lair:5   | Reached XP level 13. HP: 35/56 MP: 12/18
 20360 | Lair:5   | Learned a level 5 spell: Alistair's Intoxication
 20446 | Lair:5   | Reached skill level 1 in Transmutations
 20446 | Lair:5   | Reached skill level 1 in Poison Magic
 21538 | Lair:5   | Reached skill level 5 in Transmutations
 21652 | Lair:5   | Found a staircase to the Slime Pits.
 21652 | Lair:5   | Found a viscous altar of Jiyva.
 22470 | Lair:5   | Reached skill level 5 in Poison Magic
 22965 | Lair:5   | Identified the +8 falchion of Extremism {heavy, Will+}
 23562 | D:10     | Learned a level 4 spell: Petrify
 23731 | D:11     | Reached skill level 1 in Earth Magic
 24246 | D:11     | Found a staircase to the Orcish Mines.
 24782 | Orc:1    | Entered Level 1 of the Orcish Mines
 25012 | Orc:2    | Entered Level 2 of the Orcish Mines
 25161 | Orc:2    | Gained mutation: You are dopey. (Int -2) [a neqoxec]
 25164 | Orc:2    | Gained mutation: You are vulnerable to cold. (rC-) [a
                  | neqoxec]
 25410 | Orc:2    | Killed from afar by an orc priest

Illustrated notes

Levels and vault maps discovered:
D:1:      lightli_arrival_noodles, layout_loops_ring,
          hellmonk_ecumenical_altar_heavens_door, dreamdust_mushroom_princess
D:2:      layout_basic, uniq_jessica, uniq_sigmund
D:3:      layout_basic, nicolae_ashenzari_panopticon, nicolae_overflow_squiral,
          dk_vineyard_3
D:4:      layout_basic, lightli_temple_of_fire, gup_sewer_entry_glass, uniq_ijyb
D:5:      nicolae_cairo_tiling, layout_basic, grunt_qazlal_clouds,
          minmay_temple_entry_statues_pillars, chequers_ossuary_entry_cave
D:6:      layout_basic, mainiacjoe_overflow_alcove_2,
          eat_drink_and_be_merry_uskayaw, serial_curves, eino_curves_02,
          eino_curves_01
D:7:      layout_rooms, lemuel_round_altar, uniq_prince_ribbit1
D:8:      lemuel_ratsnest, layout_rooms, elyvilon_altar_4,
          hellmonk_lair_entry_icy
D:9:      layout_rooms, slow_altar_2
D:10:     layout_big_octagon, mainiacjoe_overflow_six_doors_small, serial_shops,
          nicolae_shop_hallway_stairs
D:11:     layout_basic, minmay_orc_entry_temple_small
Temple:   nicolae_temple_ecumenical_triangle
Lair:1:   statuecave_lemuel, layout_chaotic_city,
          nicolae_lair_grove_arrangements
Lair:2:   minmay_lair_venomous_thicket, layout_big_grid,
          minmay_shoals_entry_beasts, minivault_11
Lair:3:   layout_gridlike, nicolae_spider_entry_non_spiders,
          beast_lair_carwin_2, lemuel_fruit_fields, lemuel_fruit_fields,
          uniq_gastronok
Lair:4:   layout_misc_corridors, minivault_19, beast_lair_carwin_6
Lair:5:   minmay_lair_end_enchanted_forest, layout_cave_pods,
          nicolae_slime_entry_slimehenge, dpeg_oklob_1,
          infiniplex_staircase_pool_2
Orc:1:    layout_caves, ebering_ghost_disaster_area, uniq_urug
Orc:2:    st_orc_town, layout_caves, nicolae_volcano_entry_two_sided,
          gammafunk_ghost_berserking_beasts, basic_altar, elves_outpost_lemuel,
          uniq_nessos

Skill      XL: |  1  2  3  4  5  6  7  8  9 10 11 12 13 |
---------------+----------------------------------------+-----
Hexes          | 4 5 6 7 8 9 10 | 10.3
Stealth        | 5 6 7 8 9 11 | 11.8
Dodging        | 6 10 12 | 12.7
Short Blades   | 4 8 10 | 10.0
Shields        | 4 |  4.5
Invocations    | 1 5 |  5.3
Long Blades    | 1 7 8 |  8.3
Fighting       | 5 6 |  6.6
Evocations     | 2 3 |  3.0
Transmutations | 8 |  8.0
Poison Magic   | 6 |  6.0
Earth Magic    | 3 |  3.3
Spellcasting   | |  2.6

Action                     |  1- 3 |  4- 6 |  7- 9 | 10-12 | 13-15 || total
---------------------------+-------+-------+-------+-------+-------++-------
  Melee: Dagger            |   103 |   173 |   430 |   807 |   540 ||  2053
         Punch             |       |       |     7 |       |       ||     7
         Scimitar          |       |       |       |     5 |       ||     5
  Throw: Dart              |       |       |       |     4 |       ||     4
   Cast: Ensorcelled Hiber |    16 |    26 |    27 |    35 |    11 ||   115
         Tukima's Dance    |       |     1 |     4 |    21 |     3 ||    29
         Confusing Touch   |       |       |    35 |    92 |    66 ||   193
 Invoke: Recall Ancestor   |       |       |     7 |     9 |     4 ||    20
         Ancestor Life: He |       |       |     1 |       |       ||     1
  Evoke: Wand              |       |       |       |     1 |       ||     1
    Use: Scroll            |     3 |     2 |     3 |    16 |     4 ||    28
         Potion            |       |     1 |       |       |       ||     1
   Stab: Sleeping          |    20 |    33 |    30 |    21 |    10 ||   114
         Invisible         |       |     1 |       |       |       ||     1
         Confused          |       |       |    20 |   102 |    67 ||   189
         Distracted        |       |       |     2 |     6 |     4 ||    12
 Armour: Robe              |     7 |    10 |    38 |     4 |       ||    59
         Steam dragon scal |       |       |       |    48 |    48 ||    96
  Dodge: Dodged            |    55 |   135 |   270 |   454 |   345 ||  1259
  Block: Buckler           |       |       |       |   122 |   104 ||   226

Table legend: (Time is in decaauts)
 A = Elapsed time spent in this place.
 B = Non-inter-level travel time spent in this place.
 C = Inter-level travel time spent in this place.
 D = Time resting spent in this place.
 E = Time spent auto-exploring this place.
 F = Levels seen in this place.
 G = Mean time per level.
                   A        B        C        D        E       F      G
               +--------+--------+--------+--------+--------+-----+--------+
         Total |  20994 |  18894 |   2100 |   5899 |   7857 |  21 |  999.7 |
       Dungeon |  12041 |  10751 |   1290 |   3244 |   4603 |  11 | 1094.6 |
        Temple |     23 |     19 |      4 |      0 |      0 |   1 |   23.0 |
          Lair |   7517 |   6728 |    789 |   2181 |   2984 |   5 | 1503.4 |
  Orcish Mines |    527 |    511 |     16 |    211 |    132 |   2 |  263.5 |
         Sewer |    404 |    404 |      0 |    132 |    105 |   1 |  404.0 |
       Ossuary |    480 |    480 |      0 |    129 |     31 |   1 |  480.0 |
               +--------+--------+--------+--------+--------+-----+--------+

Top non-repeatable levels by time:
  Lair:5: 2383 daAuts
     D:8: 2020 daAuts
  Lair:3: 1576 daAuts
     D:2: 1565 daAuts
  Lair:2: 1535 daAuts
     D:9: 1502 daAuts
    D:11: 1126 daAuts
     D:6: 1069 daAuts
  Lair:4: 1023 daAuts
  Lair:1: 998 daAuts
     D:7: 973 daAuts
     D:4: 951 daAuts
    D:10: 919 daAuts
     D:1: 749 daAuts
     D:5: 610 daAuts
